 Seeded DCSS version 0.29.1 (webtiles) character file.

Game seed: 15251138685299849842 (custom seed)

1075 bwicke the Skirmisher (level 8, -5/43 HPs)
             Began as a Kobold Arcane Marksman on Sept 13, 2022.
             Was a Priest of Nemelex Xobeh.
             Slain by chamandro's ghost (10 damage)
             ... on level 5 of the Dungeon.
             The game lasted 00:15:15 (6146 turns).

bwicke the Skirmisher (Kobold Arcane Marksman)      Turns: 6146, Time: 00:15:15

Health: -5/43      AC:  3    Str:  7    XL:     8   Next: 54%
Magic:  7/9        EV: 15    Int: 16    God:    Nemelex Xobeh [***...]
Gold:   244        SH:  5    Dex: 21    Spells: 5/9 levels left

rFire   . . .      SeeInvis .   o - +4 dagger of Noon {vorpal, rPois Dex+5}
rCold   . . .      Faith    .   e - orb {light}
rNeg    . . .      Spirit   .   c - +0 robe
rPois   +          Reflect  +   (no helmet)
rElec   .          Harm     .   (no cloak)
rCorr   .          Rampage  .   t - +0 pair of gloves
Will    .....                   (no boots)
Stlth   +.........              j - amulet of reflection
HPRegen 0.14/turn               E - ring of poison resistance
MPRegen 0.11/turn               F - +4 ring of slaying

@: glowing
A: small, no large weapons, nightstalker 3
a: Renounce Religion, Draw Escape, Draw Destruction, Draw Summoning, Triple Draw


You were on level 5 of the Dungeon.
You worshipped Nemelex Xobeh.
Nemelex Xobeh was most pleased with you.
You visited 1 branch of the dungeon, and saw 5 of its levels.

You collected 244 gold pieces.

Inventory:

Hand Weapons
 a - a +5 sling
 g - a +2 dagger of protection
 m - a +0 dagger of electrocution
 n - a +1 dagger of speed
 o - the +4 dagger of Noon (weapon) {vorpal, rPois Dex+5}
   (You found it on level 2 of the Dungeon)

   It inflicts extra damage upon your enemies.
   Dex:       It affects your dexterity (+5).
   rPois:     It protects you from poison.
 G - a +1 whip of distortion
Missiles
 d - 77 stones
 y - 5 poisoned darts
 D - 2 atropa-tipped darts
Armour
 c - a +0 robe (worn)
 e - an orb of light (worn)
 t - a +0 pair of gloves (worn)
 B - a +2 ring mail of poison resistance
Magical Staves
 z - a staff of death
Jewellery
 j - an amulet of reflection (around neck)
 E - a ring of poison resistance (left hand)
 F - a +4 ring of slaying (right hand)
Wands
 r - a wand of acid (5)
Scrolls
 b - 4 scrolls of poison
 f - 9 scrolls of teleportation
 i - a scroll of vulnerability {unknown}
 l - a scroll of summoning {unknown}
 u - 2 scrolls of blinking
 w - a scroll of fear
 C - a scroll of torment {unknown}
Potions
 h - a potion of magic {unknown}
 k - 2 potions of brilliance {unknown}
 p - a potion of flight {unknown}
 q - a potion of curing
 s - 2 potions of might {unknown}
 v - a potion of heal wounds {unknown}
Miscellaneous
 x - a tin of tremorstones (2/2)
 A - a piece from Xom's chessboard (15/15)


   Skills:
 - Level 1.1 Fighting
 - Level 8.3 Ranged Weapons
 - Level 2.4 Dodging
 - Level 1.1 Spellcasting
 - Level 6.2 Hexes
 + Level 1.7 Translocations
 - Level 4.0 Fire Magic


You had 5 spell levels left.
You knew the following spells:

 Your Spells              Type           Power      Damage    Failure   Level
a - Slow                  Hex            80%        N/A       1%          1
b - Inner Flame           Hex/Fire       17%        N/A       9%          3

Your spell library contained the following spells:

 Spells                   Type           Power      Damage    Failure   Level
 Portal Projectile        Hex/Tloc       26%        N/A       13%         3
 Cause Fear               Hex            10%        N/A       17%         4
 Dazzling Flash           Conj/Hex       20%        N/A       19%         3
 Magic Dart               Conj           0%         1d3       22%         1
 Searing Ray              Conj           0%         2d4       34%         2
 Ignite Poison            Fire/Tmut/Pois 5%         N/A       36%         3
 Fulminant Prism          Conj/Hex       5%         3d7       54%         4
 Mephitic Cloud           Conj/Pois/Air  0%         N/A       56%         3
 Iskenderun's Mystic Bla  Conj/Tloc      3%         2d3       85%         4
 Animate Dead             Necr           0%         N/A       92%         4
 Freezing Cloud           Conj/Ice/Air   0%         6-21      99%         5
 Iskenderun's Battlesphe  Conj           0%         2d6       99%         5
 Summon Forest            Summ/Tloc      1%         N/A       99%         5
 Eringya's Noxious Bog    Tmut/Pois      0%         N/A       100%        6
 Iron Shot                Conj/Erth      0%         9d1       100%        6
 Starburst                Conj/Fire      3%         6d3       100%        6
 Haunt                    Necr/Summ      0%         N/A       100%        7
 Spellforged Servitor     Conj/Summ      0%         N/A       100%        7
 Summon Hydra             Summ           0%         N/A       100%        7
 Infestation              Necr           0%         N/A       100%        8


Dungeon Overview and Level Annotations

Branches:
Dungeon (5/15)
 Temple: D:4-7

Altars:
Kikubaaqudgha
Nemelex Xobeh

Shops:
D:3 (=

Portals:
Abyss: D:5

Annotations:
D:4 2 runed translucent doors
D:5 1 transporter, chamandro's ghost, novice DsAK


Innate Abilities, Weirdness & Mutations

You are small and have problems with some larger weapons.
You are completely attuned to the shadows.


Message History

Your killer bee dies!
Your killer bee's corpse disappears in a puff of smoke!
Your killer bee closely misses chamandro's ghost.
Chamandro's ghost completely misses your killer bee.
Your killer bee barely misses chamandro's ghost.
Your killer bee closely misses chamandro's ghost.
Chamandro's ghost misses your killer bee.
Your killer bee stings chamandro's ghost.
Your killer bee barely misses chamandro's ghost.
Chamandro's ghost whispers, "The ORB doesn't exist."
Chamandro's ghost misses your killer bee.
Your killer bee barely misses chamandro's ghost.
Really walk into that dispersal trap?
You enter a dispersal trap!
Your killer bee blinks!
Chamandro's ghost blinks!
You blink.
Your killer bee stings chamandro's ghost but does no damage.
Your killer bee stings chamandro's ghost but does no damage.
You block chamandro's ghost's attack.
Your killer bee barely misses chamandro's ghost.
Your killer bee stings chamandro's ghost but does no damage.
You see here a book of Conjurations.
You pick up a book of Conjurations and begin reading...
You add the spells Magic Dart, Searing Ray and Fulminant Prism to your library.
Your killer bee stings chamandro's ghost.
Chamandro's ghost hits you.
* * * LOW HITPOINT WARNING * * *
x2 Your killer bee stings chamandro's ghost!
Your killer bee barely misses chamandro's ghost.
You see here a +1 whip of distortion.
G - a +1 whip of distortion Your killer bee stings chamandro's ghost but does no damage.
Chamandro's ghost hits you.
* * * LOW HITPOINT WARNING * * *
x2 Your killer bee barely misses chamandro's ghost.
You draw a card...
You have drawn the Dance.
Your killer bee stings chamandro's ghost.
Chamandro's ghost hits you!
You die...
Your body disappears without additional glow.

#...###.......####....#'##.....
#..##.###...###..#.............
#..#....#..##..###.............
###..##.#.####.#..#..............
......##.#.....##.##.............
###....##..^....##.##........##.#
........#$#...y###.©#........##.#
###...###..####W##.##........##.#
.....## ..###.##@###............#
###..# .##....#..##...>.........
.....# #...###.(.##...##.####.#
.....##.##..###.##..#...........#
......#..#.©#....©.##...........#
......#.##..##..####....#####...#
).....###....####.......#.#####.#
###...........##........#........
# #.....................#.......#


You could see chamandro's ghost (ally target), a friendly killer bee (summoned)
and a friendly -1 quarterstaff (summoned).

Vanquished Creatures
  An orc warrior (D:4)
  2 ice beasts (D:5)
  An ogre (D:5)
  A black bear (D:4)
  A small abomination (D:5)
  A necrophage (D:4)
  A bullfrog (D:4)
  A hound (D:5)
  3 jellies
  2 iguanas
  2 orc wizards (D:4)
  9 adders
  An ufetubus (D:4)
  A worm (D:2)
  4 dart slugs
  9 orcs
  8 ball pythons
  7 endoplasms
  2 giant cockroaches
  9 goblins
  5 hobgoblins
  5 jackals
  3 quokkas
  4 bats
  5 frilled lizards
  14 kobolds
  5 rats
107 creatures vanquished.

Notes
Turn   | Place    | Note
-------+----------+-------------------------------------------
     0 | D:1      | bwicke the Kobold Arcane Marksman began the quest for the
                  | Orb.
     0 | D:1      | Reached XP level 1. HP: 12/12 MP: 2/2
   213 | D:1      | Reached skill level 3 in Ranged Weapons
   219 | D:1      | Reached XP level 2. HP: 9/16 MP: 1/3
   425 | D:1      | Found a faded altar of an unknown god.
   432 | D:1      | Prayed at the altar of an unknown god.
   432 | D:1      | Became a worshipper of Nemelex Xobeh the Trickster
   432 | D:1      | Reached * piety under Nemelex Xobeh
   432 | D:1      | Received a gift from Nemelex Xobeh
   640 | D:1      | Reached XP level 3. HP: 20/20 MP: 4/4
  1108 | D:2      | Reached skill level 4 in Ranged Weapons
  1210 | D:2      | Identified the +4 dagger of Noon {vorpal, rPois Dex+5}
  1573 | D:2      | Reached XP level 4. HP: 25/25 MP: 3/5
  1887 | D:2      | Reached skill level 5 in Ranged Weapons
  2307 | D:3      | Reached ** piety under Nemelex Xobeh
  2511 | D:3      | Found an ancient bone altar of Kikubaaqudgha.
  2760 | D:3      | Found Ovi Elib's Jewellery Shop.
  3034 | D:3      | Reached XP level 5. HP: 29/29 MP: 6/6
  3051 | D:3      | Found Pityrch's Weapon Emporium.
  3062 | D:3      | Reached skill level 6 in Ranged Weapons
  3281 | D:4      | Found a large runed translucent door.
  3281 | D:4      | Found a large runed translucent door.
  3288 | D:4      | Noticed a bullfrog
  3289 | D:4      | Found a large runed translucent door.
  3290 | D:4      | Noticed a black bear
  3294 | D:4      | Found a large runed translucent door.
  3459 | D:4      | Reached skill level 7 in Ranged Weapons
  3459 | D:4      | Reached XP level 6. HP: 27/34 MP: 7/7
  3479 | D:4      | Noticed an orc warrior
  3488 | D:4      | Killed an orc warrior
  3489 | D:4      | Reached skill level 8 in Ranged Weapons
  3796 | D:4      | Reached XP level 7. HP: 33/38 MP: 8/8
  4437 | D:4      | Reached skill level 5 in Hexes
  4639 | D:5      | Entered Level 5 of the Dungeon
  4639 | D:5      | Found the +18 Lear's hauberk
  4806 | D:5      | Reached skill level 1 in Fire Magic
  4806 | D:5      | Reached XP level 8. HP: 34/43 MP: 9/9
  5026 | D:5      | Learned a level 3 spell: Inner Flame
  5225 | D:5      | Reached *** piety under Nemelex Xobeh
  5225 | D:5      | Received a gift from Nemelex Xobeh
  5693 | D:5      | Found a transporter.
  5699 | D:5      | Found a transporter.
  6113 | D:5      | Reached skill level 1 in Translocations
  6128 | D:5      | Found a one-way gate to the infinite horrors of the Abyss.
  6128 | D:5      | Noticed chamandro's ghost (novice DsAK)
  6146 | D:5      | Slain by chamandro's ghost

Illustrated notes

Levels and vault maps discovered:
D:1:      dpeg_arrival_pond, layout_rooms,
          hellmonk_ecumenical_altar_pennies_from_heaven, grunt_decor_junction,
          minmay_misc_feat_roman
D:2:      layout_basic
D:3:      layout_basic, lemuel_tele_altar, nicolae_overflow_crystal_walls,
          serial_shops, shop, nicolae_shop_crystal
D:4:      layout_basic, minmay_misc_feat_five, minmay_hollow_rounded_squares
D:5:      layout_basic, gammafunk_ghost_abyssal_escape, st_stairs_10,
          nicolae_figureground_pulse

Skill      XL: |  1  2  3  4  5  6  7  8 |
---------------+-------------------------+-----
Ranged Weapons | 3 4 5 7 8 |  8.3
Hexes          | 4 6 |  6.2
Fire Magic     | 1 4 |  4.0
Translocations | 1 |  1.7
Fighting       | |  1.1
Dodging        | |  2.4
Spellcasting   | |  1.1

Action                   |  1- 3 |  4- 6 |  7- 9 || total
-------------------------+-------+-------+-------++-------
Melee: Dagger            |       |    11 |     4 ||    15
 Fire: Sling             |    88 |   100 |   103 ||   291
 Cast: Slow              |     5 |       |     1 ||     6
       Inner Flame       |       |       |     1 ||     1
Invok: Draw Destruction  |       |     1 |     3 ||     4
       Draw Summoning    |       |       |     2 ||     2
  Use: Scroll            |       |     3 |     1 ||     4
 Stab: Sleeping          |       |     1 |       ||     1
Armor: Robe              |     2 |     5 |    10 ||    17
Dodge: Dodged            |    30 |    52 |    51 ||   133
Block: Other             |     1 |    17 |       ||    18
       Reflection        |       |     2 |       ||     2
       Orb               |       |       |    14 ||    14
